Map: Catalyst LE

Players

Infamous - Winner!

  • Race: Protoss Protoss
  • League: Bronze
  • Spawn Location: 11:00

RATMAN

  • Race: Zerg Zerg
  • Spawn Location: 5:00

VOD

Have the link to the VOD?

Description

Time

  • Played on: March 10, 2018, 12:15 p.m.
  • Length: 9:05
Show
View Real Time Build Order
Export as new Build Order

Infamous Protoss - Winner!

Build Orders:  

Get SALT Encoding   

  12  0:02  Probe (Chrono Boost)  
  13  0:14  Probe (Chrono Boost)  
  14  0:19  Pylon  
  14  0:22  Probe  
  15  0:37  Probe  
  15  0:41  Gateway  
  17  0:50  Probe  
  17  0:56  Assimilator  
  17  1:02  Probe (Chrono Boost)  
  18  1:14  Probe (Chrono Boost)  
  19  1:22  Probe (Chrono Boost)  
  20  1:28  Cybernetics Core  
  20  1:30  Probe  
  20  1:43  Probe  
  21  1:48  Pylon, Zealot  
  23  1:57  Assimilator  
  23  1:59  Warp Gate (Chrono Boost)  
  23  2:17  Pylon  
  23  2:20  Pylon  
  23  2:24  Gateway  
  23  2:46  Robotics Facility  
  23  2:54  Stalker  
  25  2:59  Probe  
  26  3:07  Shield Battery  
  26  3:11  Probe  
  27  3:15  Forge  
  27  3:18  Sentry  
  29  3:25  Gateway  
  29  3:35  Observer  
  30  4:01  Photon Cannon  
  30  4:04  Shield Battery  
  30  4:15  Nexus  
  30  4:17  Pylon  
  30  4:20  Pylon  
  30  4:39  Robotics Facility  
  30  4:42  Pylon  
  30  4:46  Protoss Ground Weapons Level 1 (Chrono Boost)  
  30  4:54  Probe  
  31  5:13  Stalker  
  33  5:15  Gateway  
  33  5:16  Zealot  
  35  5:45  Probe  
  35  5:47  Probe  
  37  5:52  Warp Prism  
  39  5:57  Probe (Chrono Boost)  
  39  5:59  Stargate  
  41  6:07  Probe (Chrono Boost)  
  41  6:09  Gateway  
  41  6:13  Gateway  
  41  6:27  Shield Battery  
  41  6:31  Photon Cannon  
  41  6:34  Probe  
  41  6:36  Probe  
  41  6:37  Pylon  
  43  6:51  Stalker x2  
  47  7:09  Stalker x2  
  47  7:15  Sentry x2  
  55  7:34  Stalker x4  
  63  7:39  Phoenix  
  65  7:48  Observer  
  66  8:00  Photon Cannon  
  66  8:02  Shield Battery  
  66  8:04  Probe x2  
  66  8:41  Stalker x4  
  70  8:42  Stalker x2  
Show
View Real Time Build Order
Export as new Build Order

RATMAN Zerg 

Build Orders: Pool First 

Get SALT Encoding   

  12  0:07  Drone  
  13  0:08  Drone  
  14  0:17  Overlord  
  14  0:33  Extractor  
  13  0:35  Extractor  
  13  0:41  Drone x2  
  13  0:42  Drone  
  15  1:09  Spawning Pool  
  14  1:16  Drone x2  
  14  1:17  Drone  
  17  1:48  Drone x2  
  19  1:58  Queen  
  19  2:00  Zergling x2  
  22  2:03  Overlord  
  22  2:44  Drone x3  
  22  2:48  Lair  
  25  3:05  Hatchery  
  24  3:11  Drone x2  
  26  3:24  Extractor  
  25  3:36  Drone x3  
  27  3:55  Queen  
  29  4:00  Drone  
  29  4:01  Overlord x2  
  29  4:02  Overlord x2  
  30  4:08  Hydralisk Den  
  29  4:18  Spire  
  28  5:07  Drone x3  
  31  5:17  Infestation Pit  
  31  5:21  Drone x4  
  31  5:22  Drone x3  
  37  5:58  Mutalisk x3  
  37  6:01  Zerg Flyer Weapons Level 1  
  43  6:12  Mutalisk  
  43  6:13  Mutalisk, Spire  
  43  6:16  Mutalisk x2  
  50  6:20  Drone x2  
  50  6:21  Drone x4  
  56  6:29  Extractor  
  55  7:03  Mutalisk x3  
  55  7:04  Mutalisk  
  63  7:09  Overlord x5  
  63  7:41  Hive  
  63  8:21  Mutalisk x4  
  63  8:23  Zergling x6  
  63  8:25  Zergling x2  
  63  8:26  Zergling x10  
  63  8:27  Zergling x4  
Tags
 
League
Bronze
Matchup
PvZ
Opening
Pool First
Replay Pack
Last Remnant (2)
Spawn Locations
Cross Positions
Add a new tag
Caveats
  • Supply blocks, unpowered buildings, or Contaminate may cause inaccurate times.
  • Supply counts are checked every 10 seconds.